 Dungeon Crawl Stone Soup version 0.30.1-1-g62c8e00024 (webtiles) character file.

Game seed: 13011672022756644044

359 premas the Chopper (level 6, -6/53 HPs)
             Began as a Hill Orc Berserker on July 16, 2023.
             Was a Priest of Trog.
             Mangled by an ogre
             ... wielding a +0 giant spiked club
              (31 damage)
             ... on level 5 of the Dungeon.
             The game lasted 00:43:56 (3834 turns).

premas the Chopper (Hill Orc Berserker)             Turns: 3834, Time: 00:44:01

Health: -6/53      AC:  7    Str: 22    XL:     6   Next: 65%
Magic:  6/6        EV: 11    Int:  7    God:    Trog [***...]
Gold:   156        SH:  0    Dex: 10    Spells: 5/5 levels left

rFire   . . .        J - +2 war axe (holy)
rCold   . . .        (no shield)
rNeg    . . .        m - +0 ring mail
rPois   .            E - +0 helmet
rElec   .            (no cloak)
rCorr   +            (no gloves)
SInv    .            (no boots)
Will    .....        (no amulet)
Stlth   +            l - ring of resist corrosion
HPRegen 0.28/turn    (no ring)
MPRegen 0.10/turn

%: no passive effects
@: on berserk cooldown, slowed, very slow
A: no striking features
a: Renounce Religion, Berserk, Trog's Hand


You were on level 5 of the Dungeon.
You worshipped Trog.
Trog was most pleased with you.
You visited 1 branch of the dungeon, and saw 5 of its levels.

You collected 156 gold pieces.

Inventory:

Hand Weapons
 J - a +2 war axe of holy wrath (weapon)
Missiles
 e - 2 atropa-tipped darts
 q - 3 large rocks
 B - 3 javelins (quivered)
 H - 20 stones
Armour
 b - a +0 animal skin
 m - a +0 ring mail (worn)
 r - a +0 robe
 A - a +0 leather armour
 E - a +0 helmet (worn)
Jewellery
 l - a ring of resist corrosion (left hand)
Wands
 w - a wand of digging (8)
Scrolls
 c - 3 scrolls of identify {unknown}
 d - a scroll of amnesia {unknown}
 g - a scroll of enchant weapon {unknown}
 j - a scroll of torment {unknown}
 t - a scroll of fog {unknown}
 y - a scroll of immolation {unknown}
 C - 2 scrolls of noise {unknown}
 D - a scroll of teleportation {unknown}
 F - a scroll of poison {unknown}
 G - 3 scrolls of vulnerability {unknown}
 I - a scroll of fear {unknown}
Potions
 a - a potion of mutation {unknown}
 f - a potion of haste {unknown}
 h - a potion of invisibility {unknown}
 s - a potion of resistance
 z - a potion of degeneration {unknown}


   Skills:
 + Level 4.5 Fighting
 + Level 7.0 Axes
 + Level 0.3 Throwing
 + Level 4.2 Armour
 + Level 2.3 Dodging
 + Level 0.4 Stealth


You had 5 spell levels left.
You didn't know any spells.
Your spell library contained the following spells:

 Spells                   Type           Power      Damage    Failure   Level
 Necrotise                Necr           0%         1d4       58%         1
 Lesser Beckoning         Tloc           0%         N/A       73%         2
 Frozen Ramparts          Ice            0%         1d1       91%         3
 Gell's Gravitas          Tloc           0%         N/A       91%         3
 Teleport Other           Tloc           0%         N/A       91%         3
 Vampiric Draining        Necr           0%         2d6       91%         3
 Ice Form                 Ice/Tmut       0%         N/A       100%        4
 Summon Ice Beast         Ice/Summ       0%         N/A       100%        4
 Agony                    Necr           0%         N/A       100%        5


Dungeon Overview and Level Annotations

Branches:
Dungeon (5/15)             Temple (0/1) D:5

Altars:

Shops:
D:1 =   D:4 :


Message History

The orc wizard gestures wildly while chanting.
The orc wizard flickers and vanishes!
Deactivating autopickup; reactivate with Ctrl-A.
The orc priest invokes the aid of Beogh against you.
Beogh smites you! The orc barely misses you.
You slash the orc!
You kill the orc!
Trog accepts your kill.
A white imp comes into view.
An orc comes into view. It is wielding a +0 hand axe.
You are too berserk!
The orc shouts!
The orc priest shouts, "Surrender to Beogh and we'll let you live!"
Things that are here:
a +0 whip; a +0 dagger; a +0 robe You feel a strong urge to attack something.
You slash the orc priest!
The orc priest is severely wounded.
You are no longer berserk.
You are exhausted.
You feel yourself slow down.
The orc priest hits you with a +0 hand axe.
You slice the orc priest!!
You kill the orc priest!
Trog accepts your kill.
Throw: 4 javelins
Press: ? - help, Q - select action, (/) - cycle Shift-Dir - straight line, f - ogre
Aim: an ogre, wielding a +0 giant spiked club (73% to hit)
You throw a javelin. The javelin pierces through the ogre.
The ogre is lightly wounded.
The ogre misses you.
A hound comes into view.
Something hits you.
The hound barks!
You hit the ogre.
The ogre is moderately wounded.
You closely miss something. You closely miss the white imp. You hit the orc.
The ogre hits you with a +0 giant spiked club!!
Ouch! That really hurt!
You die...

......# ................
....... ..........h.....
......# ..........?....
.....# #(...........
......# #......#..# ..
...... #......o##...#
#.. ##..).5o{..).#
#..###. #...).O@# ..
###..###. #...#.....#
.##.....##.. . ##..#.##
##..##..##..#
##....###..###.#.....
#....##...............
...###.##.<......##....#
.. .##...............#
## ####...####......
#..## ###....


You could see an ogre, a hound, a white imp and 2 orcs.

Vanquished Creatures
  A scorpion (D:5)
  A hound (D:5)
  An orc priest (D:5)
  2 iguanas (D:4)
  An orc wizard (D:5)
  6 adders
  An ufetubus (D:5)
  A worm (D:2)
  2 dart slugs
  7 orcs
  9 endoplasms
  5 giant cockroaches
  9 goblins
  5 hobgoblins
  8 jackals
  7 kobolds
  2 quokkas
  11 ball pythons
  4 bats (D:1)
  3 frilled lizards
  6 rats
92 creatures vanquished.

Notes
Turn   | Place    | Note
-------+----------+-------------------------------------------
     0 | D:1      | premas the Hill Orc Berserker began the quest for the Orb.
     0 | D:1      | Reached XP level 1. HP: 19/19 MP: 1/1
   155 | D:1      | Found Eponiq's Jewellery Boutique.
   210 | D:1      | Reached XP level 2. HP: 15/27 MP: 2/2
   456 | D:1      | Reached XP level 3. HP: 33/33 MP: 3/3
   621 | D:1      | Reached ** piety under Trog
   894 | D:1      | Reached skill level 5 in Axes
  1317 | D:2      | Reached XP level 4. HP: 30/40 MP: 4/4
  1698 | D:2      | Found a faded altar of an unknown god.
  2721 | D:4      | Reached XP level 5. HP: 46/46 MP: 5/5
  2986 | D:4      | Reached skill level 6 in Axes
  3253 | D:4      | Found Esyav's Book Shop.
  3517 | D:5      | Entered Level 5 of the Dungeon
  3525 | D:5      | Reached XP level 6. HP: 42/53 MP: 6/6
  3645 | D:5      | Reached skill level 7 in Axes
  3779 | D:5      | Found a staircase to the Ecumenical Temple.
  3821 | D:5      | Reached *** piety under Trog
  3834 | D:5      | Mangled by an ogre

Illustrated notes

Levels and vault maps discovered:
D:1:      giann_wishing_wells, layout_basic, serial_shops,
          nicolae_shop_gaudy_bauble
D:2:      layout_basic, hellmonk_ecumenical_altar_leap_of_faith,
          minmay_worlds_worst_comb
D:3:      layout_loops_ring, kennysheep_generic_room_8
D:4:      layout_loops_cross, serial_shops, nicolae_shop_advertising_works
          [nicolae_subvault_shop_adworks], mrwooster_statue_mirror,
          minmay_between
D:5:      layout_layer_cave, minmay_temple_entry_wispy

Skill      XL: |  1  2  3  4  5  6 |
---------------+-------------------+-----
Fighting       | 4 |  4.5
Axes           | 5 6 7 |  7.0
Dodging        | 2 |  2.3
Armour         | 3 4 |  4.2
Throwing       | |  0.3
Stealth        | |  0.4

Action                     |  1- 3 |  4- 6 || total
---------------------------+-------+-------++-------
  Melee: Hand axe          |   127 |   147 ||   274
         Punch             |       |     1 ||     1
         War axe           |       |    51 ||    51
  Throw: Stone             |    14 |     3 ||    17
         Javelin           |       |     1 ||     1
 Invoke: Berserk           |       |     2 ||     2
         Trog's Hand       |       |     1 ||     1
    Use: Potion            |       |     1 ||     1
   Stab: Sleeping          |     1 |       ||     1
 Armour: Animal skin       |    26 |       ||    26
         Ring mail         |    17 |    46 ||    63
  Dodge: Dodged            |    83 |    93 ||   176
